 Dungeon Crawl Stone Soup version 0.27-a0-795-ge5c3fa52fd (webtiles) character file.

Game seed: 11300452635269199998

35 EnegeticOcto the Magician (level 3, -1/28 HPs)
             Began as a Djinni Conjurer on Mar 27, 2021.
             Was a Believer of Zin.
             Slain by an adder (2 damage)
             ... on level 3 of the Dungeon.
             The game lasted 00:02:36 (443 turns).

EnegeticOcto the Magician (Djinni Conjurer)          Turns: 443, Time: 00:02:37

Health: -1/28      AC:  2    Str:  6    XL:     3   Next: 35%
Gold:   17         EV: 12    Int: 20    God:    Zin [**....] SH:  0 Dex: 11

rFire    + + .     SeeInvis .   d - +0 spear
rCold    x . .     Faith    .   (no shield)
rNeg     . . .     Spirit   .   a - +0 robe
rPois    ∞         Reflect  .   (no helmet)
rElec    .         Harm     .   (no cloak)
rCorr    .         Rampage  .   (no gloves)
Will     .....                  (boots unavailable)
Stlth    ++........             (no amulet)
HPRegen  0.09/turn              (no ring)
MPRegen  0.00/turn              (no ring)

@: flying
A: fire resistance 2, cold vulnerability 1, float, innate caster, hp casting,
extra vitality 1
a: Renounce Religion, Recite, Vitalisation, Donate Gold


You were on level 3 of the Dungeon.
You worshipped Zin.
Zin was pleased with you.
You visited 1 branch of the dungeon, and saw 3 of its levels.

You collected 85 gold pieces.
You spent 60 gold pieces at shops.
You donated 8 gold pieces to Zin.

Inventory:

Hand Weapons
 d - a +0 spear (weapon)
   (You found it on level 2 of the Dungeon)
Armour
 a - a +0 robe (worn)
Scrolls
 e - a scroll of teleportation {@r3 !r}
Potions
 b - a potion of brilliance
 c - 2 potions of lignification {@q6}
 f - 2 potions of cancellation {unknown}


   Skills:
 + Level 1.9 Fighting
 - Level 2.1 Dodging
 - Level 1.5 Stealth
 + Level 4.0 Spellcasting


You couldn't memorise any spells.
You knew the following spells:

 Your Spells              Type           Power      Damage    Failure   Level
a - Magic Dart            Conj           80%        1d7       2%          1
b - Searing Ray           Conj           40%        3d4       3%          2
c - Dazzling Flash        Conj/Hex       40%        N/A       7%          3
d - Fulminant Prism       Conj/Hex       10%        3d9       24%         4
e - Iskenderun's Mystic   Conj/Tloc      20%        2d6       24%         4
f - Foxfire               Conj/Fire      80%        2x1d8     2%          1
Your spell library was empty.

Dungeon Overview and Level Annotations

Branches:
Dungeon (3/15)

Altars:
Zin

Shops:
D:3 ?


Innate Abilities, Weirdness & Mutations

You are immune to poison.
Your flesh is very heat resistant. (rF++)
You are vulnerable to cold. (rC-)
You float through the air rather than walking.
You learn spells naturally, not from books.
Your magical power is your life essence.
You have superior vitality. (+4 HP)


Message History

There is an entrance to a sewer on this level.
Hurry and find it before the portal rusts away!
You hear the slow rusting of a distant drain.
A hobgoblin comes into view.
The hobgoblin shouts!
Found 14 gold pieces and a ruby potion.
Found an escape hatch in the ceiling.
There is a stone staircase leading up here.
Casting: Magic Dart (safe; 2% risk of failure)
Confirm with . or Enter, or press ? or * to list all spells.
Aiming: Magic Dart (safe; 2% risk of failure)
Press: ? - help, Shift-Dir - straight line, f - hobgoblin
Aim: a hobgoblin (0% to evade)
The magic dart hits the hobgoblin.
You kill the hobgoblin!
* * * LOW HITPOINT WARNING * * *
A frilled lizard comes into view.
Casting: Magic Dart (safe; 2% risk of failure)
Confirm with . or Enter, or press ? or * to list all spells.
Aiming: Magic Dart (safe; 2% risk of failure)
Press: ? - help, Shift-Dir - straight line, f - frilled lizard
Aim: a frilled lizard (wandering, hasn't noticed you, 0% to evade)
The magic dart hits the frilled lizard!
You kill the frilled lizard!
* * * LOW HITPOINT WARNING * * *
You pay a tithe of 1 gold.
You now have 67 gold pieces (gained 11).
Found Tialyqu's Magic Scroll Emporium.
b - a ruby potion
Found 9 gold pieces.
A bat comes into view.
There is an entrance to Tialyqu's Magic Scroll Emporium here.
e - a scroll of teleportation {@r3 !r};
f - a scroll of identify {@r1} Thank you for shopping at Tialyqu's Magic Scroll Emporium!
Casting: Magic Dart (safe; 2% risk of failure)
Confirm with . or Enter, or press ? or * to list all spells.
Aiming: Magic Dart (safe; 2% risk of failure)
Press: ? - help, Shift-Dir - straight line, f - bat
Aim: a bat (0% to evade)
The magic dart hits the bat.
You kill the bat!
* * * LOW HITPOINT WARNING * * *
As you read the scroll of identify {@r1}, it crumbles to dust.
b - a potion of brilliance
Found a scroll of identify and 2 metallic inky potions.
You now have 9 gold pieces (gained 2).
f - 2 metallic inky potions
g - a scroll of identify {@r1}
As you read the scroll of identify {@r1}, it crumbles to dust.
c - 2 potions of lignification You hear the slow rusting of a distant drain.
A rat and a hobgoblin come into view.
Casting: Magic Dart (safe; 2% risk of failure)
Confirm with . or Enter, or press ? or * to list all spells.
Aiming: Magic Dart (safe; 2% risk of failure)
Press: ? - help, Shift-Dir - straight line, f - hobgoblin
Aim: a hobgoblin (0% to evade)
The magic dart hits the hobgoblin but does no damage.
* * * LOW HITPOINT WARNING * * *
Casting: Magic Dart (safe; 2% risk of failure)
Confirm with . or Enter, or press ? or * to list all spells.
Aiming: Magic Dart (safe; 2% risk of failure)
Press: ? - help, Shift-Dir - straight line, f/p - hobgoblin
Aim: a hobgoblin (0% to evade)
The magic dart hits the hobgoblin.
The hobgoblin is heavily wounded.
* * * LOW HITPOINT WARNING * * *
Casting: Magic Dart (safe; 2% risk of failure)
Confirm with . or Enter, or press ? or * to list all spells.
Aiming: Magic Dart (safe; 2% risk of failure)
Press: ? - help, Shift-Dir - straight line, f/p - hobgoblin
Aim: a hobgoblin (heavily wounded, 0% to evade)
The magic dart hits the hobgoblin.
You kill the hobgoblin!
* * * LOW HITPOINT WARNING * * *
Casting: Magic Dart (safe; 2% risk of failure)
Confirm with . or Enter, or press ? or * to list all spells.
Aiming: Magic Dart (safe; 2% risk of failure)
Press: ? - help, Shift-Dir - straight line, f - rat
Aim: a rat (0% to evade)
The magic dart hits the rat.
You kill the rat!
* * * LOW HITPOINT WARNING * * *
You pay a tithe of 1 gold.
You now have 17 gold pieces (gained 8).
An adder comes into view.
The adder hisses angrily.
A giant cockroach comes into view.
The adder closely misses you.
Casting: Magic Dart (safe; 2% risk of failure)
Confirm with . or Enter, or press ? or * to list all spells.
Aiming: Searing Ray (safe; 3% risk of failure)
Press: ? - help, Shift-Dir - straight line, f - adder
Aim: an adder (37% to evade)
The searing ray hits the adder.
The adder is moderately wounded. (Press . to maintain the ray.)
* * * LOW HITPOINT WARNING * * *
The adder bites you.
* * * LOW HITPOINT WARNING * * *
Without enough magic to sustain it, your searing ray dissipates.
The adder bites you.
You die...

..#.#....#...).............
...............#.###.##....
.................###.#.....
.....#.######.##............
....#..####...##..........
....#.###.............B##
.####.# #.#......###.#.#
###...###.#..###S# # .
.♣...........# #@#
.......†....####.#
♣∩♣.......##......
..........#..##..##
.♣..........###.##
#........#### #. #........#
.. #........# .. .........#


You could see an adder.

Vanquished Creatures
  2 worms
  An orc (D:3)
  5 ball pythons
  3 bats
  3 endoplasms (D:3)
  A giant cockroach (D:2)
  A goblin (D:1)
  4 hobgoblins
  A quokka (D:2)
  3 frilled lizards
  2 rats
26 creatures vanquished.

Notes
Turn   | Place    | Note
-------+----------+-------------------------------------------
     0 | D:1      | EnegeticOcto the Djinni Conjurer began the quest for the
                  | Orb.
     0 | D:1      | Reached XP level 1. HP: 15/15 MP: 0/0
    99 | D:2      | Found a faded altar of an unknown god.
   108 | D:2      | Became a worshipper of Zin the Law-Giver
   108 | D:2      | Reached * piety under Zin
   156 | D:2      | Reached skill level 1 in Fighting
   156 | D:2      | Reached XP level 2. HP: 18/22 MP: 0/0
   237 | D:2      | Reached ** piety under Zin
   261 | D:2      | Reached skill level 4 in Spellcasting
   261 | D:2      | Reached XP level 3. HP: 6/27 MP: 0/0
   261 | D:2      | Learned a level 1 spell: Foxfire
   360 | D:3      | Found Tialyqu's Magic Scroll Emporium.
   371 | D:3      | Bought a scroll of teleportation for 36 gold pieces
   371 | D:3      | Bought a scroll of identify for 24 gold pieces
   442 | D:3      | HP: 1/28 [adder (1)]
   443 | D:3      | Slain by an adder

Illustrated notes

Levels and vault maps discovered:
D:1:      dpeg_arrival_boxorama, layout_basic, serial_glass, glass_columns_a,
          glass_columns_b
D:2:      layout_basic, chequers_ecumenical_altar_lobes, grunt_ministairs_8
D:3:      layout_rooms, old_standard_altar, serial_shops, nicolae_shop_trees,
          portal_sewer_entry_a

Skill      XL: |  1  2 |
---------------+-------+-----
Fighting       | 1 |  1.9
Spellcasting   | 4 |  4.0
Dodging        | |  2.1
Stealth        | |  1.5

Action                   || total
-------------------------++-------
 Cast: Magic Dart        ||    41
       Searing Ray       ||     2
  Use: Scroll            ||     4
Armor: Robe              ||     1
Dodge: Dodged            ||     3

Table legend: (Time is in decaauts)
 A = Elapsed time spent in this place.
 B = Non-inter-level travel time spent in this place.
 C = Inter-level travel time spent in this place.
 D = Time resting spent in this place.
 E = Time spent auto-exploring this place.
 F = Levels seen in this place.
 G = Mean time per level.
                   A        B        C        D        E       F      G
               +--------+--------+--------+--------+--------+-----+--------+
         Total |    443 |    418 |     25 |      0 |      0 |   3 |  147.7 |
       Dungeon |    443 |    418 |     25 |      0 |      0 |   3 |  147.7 |
               +--------+--------+--------+--------+--------+-----+--------+

Top non-repeatable levels by time:
     D:2: 232 daAuts
     D:3: 135 daAuts
     D:1: 76 daAuts
